 Dungeon Sprint DCSS version 0.28-a0-793-g31680bbd8b (webtiles) character file.

Game seed: 46687354832714150

1824 mhtbhm the Protected (level 8, 0/83 HPs)
             Began as a Minotaur Fighter on Nov 4, 2021.
             Was an Elder of Okawaru.
             Slain by a fire elemental (14 damage)
             ... summoned by a deep elf pyromancer
             ... in the Dungeon (Sprint IX: "|||||||||||||||||||||||||||||").
             The game lasted 00:01:53 (455 turns).

mhtbhm the Protected (Minotaur Fighter)              Turns: 455, Time: 00:01:53

Health: 0/83       AC: 19    Str: 25    XL:     8   Next: 86%
Magic:  10/10      EV:  8    Int:  5    God:    Okawaru [****..]
Gold:   0          SH:  6    Dex: 11    Spells: 7/7 levels left

rFire   . . .      SeeInvis .   a - +2 scimitar (drain)
rCold   . . .      Faith    .   c - +0 buckler
rNeg    . . .      Spirit   .   b - +0 plate armour
rPois   .          Reflect  .   (helmet restricted)
rElec   .          Harm     .   (no cloak)
rCorr   .          Rampage  .   (no gloves)
Will    .....      NoTele   +   m - +0 pair of boots
Stlth   ..........              (no amulet)
HPRegen 0.23/turn               n - +2 ring of protection
MPRegen 0.12/turn               o - +3 ring of strength

@: no status effects
A: horns 2, retaliatory headbutt
a: Renounce Religion, Heroism, Finesse


You were in the Dungeon.
You worshipped Okawaru.
Okawaru was greatly pleased with you.
You visited 1 branch

Inventory:

Hand Weapons
 a - a +2 scimitar of draining (weapon)
Armour
 b - a +0 plate armour (worn)
 c - a +0 buckler (worn)
 m - a +0 pair of boots (worn)
Jewellery
 n - a +2 ring of protection (left hand)
 o - a +3 ring of strength (right hand)
Wands
 l - a wand of iceblast (4)
Scrolls
 j - 2 scrolls of blinking
 k - 2 scrolls of amnesia
Potions
 e - 5 potions of curing
 h - 4 potions of magic
 i - a potion of invisibility


   Skills:
 + Level 11.8 Fighting
 + Level 11.2 Long Blades
 + Level 13.3 Armour
 + Level 11.5 Shields
 * Level 4.5 Invocations
 + Level 1.6 Evocations


You had 7 spell levels left.
You didn't know any spells.
Your spell library was empty.

Dungeon Overview and Level Annotations

Branches:
Dungeon (1/1)

Altars:
Cheibriados
Dithmenos
Elyvilon
Fedhas
Gozag
Hepliaklqana
Kikubaaqudgha
Makhleb
Nemelex Xobeh
Okawaru
Qazlal
Ru
Sif Muna
Trog
Uskayaw
Vehumet
Wu Jian
Xom
Yredelemnul
Zin
The Shining One
Beogh
Jiyva
Lugonu


Innate Abilities, Weirdness & Mutations

You have a pair of horns on your head.
You reflexively headbutt those who attack you in melee.


Message History

You destroy the fire elemental!
The fire elemental disappears in a puff of smoke!
No reachable target in view!
No reachable target in view!
No reachable target in view!
No reachable target in view!
No reachable target in view!
No reachable target in view!
No reachable target in view!
No reachable target in view!
No reachable target in view!
No reachable target in view!
No reachable target in view!
No reachable target in view!
No reachable target in view!
The deep elf pyromancer points at you and mumbles some strange words.
The bolt of fire hits the fire elemental.
The fire elemental completely resists.
The bolt of fire hits you!!
You closely miss the fire elemental.
Your headbutt misses the fire elemental.
The fire elemental hits you. The fire elemental burns you!
You closely miss the fire elemental. The fire elemental hits you.
The fire elemental burns you!
* * * LOW HITPOINT WARNING * * *
Unknown command.
You feel much better. The fire elemental hits you.
The fire elemental burns you! The fire elemental hits you.
The fire elemental burns you!
You slice the fire elemental!!
The fire elemental is almost destroyed.
The fire elemental hits you. The fire elemental burns you!
You barely miss the fire elemental.
Your headbutt misses the fire elemental.
The fire elemental is almost destroyed.
The deep elf pyromancer gestures at you while chanting.
The bolt of fire hits the fire elemental.
The fire elemental completely resists.
The bolt of fire hits you!
* * * LOW HITPOINT WARNING * * *
The fire elemental hits you. The fire elemental burns you!
You die...

▓.▓
▓.▓
▓(▓
▓'▓
▓.▓
▓.▓
▓.▓
▓.▓
▓@▓
▓E▓
▓°▓
▓.▓
▓e▓
▓.▓
▓.▓
▓'▓
▓_▓


You could see a deep elf pyromancer and a fire elemental (summoned).

Vanquished Creatures
  A two-headed ogre (D)
  A gargoyle (D)
  An efreet (D)
  A troll (D)
  A wraith (D)
  An orc warrior (D)
  A sky beast (D)
  A kobold brigand (D)
  A gnoll sergeant (D)
  A killer bee (D)
  An adder (D)
  An adder skeleton (D)
  An orc (D)
  An endoplasm (D)
  A ball python skeleton (D)
  2 bats (D)
  2 kobolds (D)
19 creatures vanquished.

Vanquished Creatures (others)
  A two-headed ogre (D)
1 creature vanquished.

Grand Total: 20 creatures vanquished

Notes
Turn   | Place    | Note
-------+----------+-------------------------------------------
     0 | D        | mhtbhm the Minotaur Fighter began the quest for the Orb.
     0 | D        | Reached XP level 1. HP: 19/19 MP: 0/0
     6 | D        | Banished a spatial maelstrom
     9 | D        | Reached skill level 4 in Armour
    22 | D        | Noticed a sky beast
    28 | D        | Killed a sky beast
    29 | D        | Reached skill level 6 in Armour
    29 | D        | Reached XP level 2. HP: 31/31 MP: 1/1
    29 | D        | Reached XP level 3. HP: 38/38 MP: 2/2
    29 | D        | Reached XP level 4. HP: 45/45 MP: 3/3
    57 | D        | Found a snail-covered altar of Cheibriados.
    57 | D        | Found a shadowy altar of Dithmenos.
    57 | D        | Found a white marble altar of Elyvilon.
    57 | D        | Found a blossoming altar of Fedhas.
    57 | D        | Found an opulent altar of Gozag.
    58 | D        | Found a hazy altar of Hepliaklqana.
    59 | D        | Found a viscous altar of Jiyva.
    60 | D        | Found an ancient bone altar of Kikubaaqudgha.
    61 | D        | Found a corrupted altar of Lugonu.
    62 | D        | Found a burning altar of Makhleb.
    63 | D        | Found a sparkling altar of Nemelex Xobeh.
    64 | D        | Found an iron altar of Okawaru.
    65 | D        | Found a stormy altar of Qazlal.
    66 | D        | Found a sacrificial altar of Ru.
    67 | D        | Found a shimmering blue altar of Sif Muna.
    68 | D        | Found a bloodstained altar of Trog.
    69 | D        | Found a hide-covered altar of Uskayaw.
    70 | D        | Found a radiant altar of Vehumet.
    71 | D        | Found an ornate altar of the Wu Jian Council.
    72 | D        | Became a worshipper of Warmaster Okawaru
    73 | D        | Found a shimmering altar of Xom.
    74 | D        | Found a basalt altar of Yredelemnul.
    75 | D        | Found a glowing silver altar of Zin.
    76 | D        | Found a glowing golden altar of the Shining One.
   125 | D        | Noticed a gargoyle
   125 | D        | Noticed an orc warrior
   125 | D        | Noticed a kobold brigand
   125 | D        | Noticed a troll
   125 | D        | Noticed a gnoll sergeant
   135 | D        | Killed a gargoyle
   135 | D        | Reached * piety under Okawaru
   136 | D        | Reached skill level 9 in Armour
   136 | D        | Reached XP level 5. HP: 33/57 MP: 4/4
   136 | D        | Reached XP level 6. HP: 36/63 MP: 5/5
   139 | D        | Killed an orc warrior
   140 | D        | Reached skill level 10 in Armour
   142 | D        | Reached ** piety under Okawaru
   143 | D        | Reached XP level 7. HP: 32/71 MP: 6/6
   146 | D        | Reached skill level 10 in Fighting
   146 | D        | Reached skill level 10 in Shields
   146 | D        | Killed a troll
   147 | D        | Reached skill level 11 in Armour
   339 | D        | Noticed a two-headed ogre
   339 | D        | Noticed an efreet
   339 | D        | Noticed a two-headed ogre
   339 | D        | Noticed a wraith
   339 | D        | Noticed a deep elf pyromancer
   349 | D        | Killed a two-headed ogre
   358 | D        | Killed a two-headed ogre
   358 | D        | Reached *** piety under Okawaru
   359 | D        | Reached skill level 10 in Long Blades
   359 | D        | Reached skill level 12 in Armour
   359 | D        | Reached skill level 1 in Evocations
   359 | D        | Reached XP level 8. HP: 82/82 MP: 6/9
   361 | D        | Killed an efreet
   362 | D        | Reached skill level 13 in Armour
   427 | D        | Reached **** piety under Okawaru
   455 | D        | Slain by a fire elemental

Illustrated notes

Levels and vault maps discovered:
D:        linesprint [early_d, line_temple, items_1, d_10, items_2, lair_1,
          lair_end, items_3, orc_1, orc_end, items_4, d_15, swamp_1, shoals_1,
          snake_1, spider_1, d_20, vaults_1, items_5, swamp_end, shoals_end,
          snake_end, spider_end, vaults_end, d_27, items_6, zot_1, zot_end,
          crypt_end, forest_end, elf_end, slime_end, tomb_end, abyss_end,
          pan_hell_end]

Skill      XL: |  1  2  3  4  5  6  7  8 |
---------------+-------------------------+-----
Fighting       | 6 9 11 | 11.8
Armour         | 6 9 10 12 13 | 13.3
Shields        | 6 9 11 | 11.5
Long Blades    | 4 7 8 10 11 | 11.2
Invocations    | 3 4 |  4.5
Evocations     | 1 |  1.6

Action                   |  1- 3 |  4- 6 |  7- 9 || total
-------------------------+-------+-------+-------++-------
Melee: Long sword        |    13 |     8 |       ||    21
       Headbutt          |     3 |     5 |     4 ||    12
       Scimitar          |       |    13 |    19 ||    32
Throw: Dart              |       |       |     1 ||     1
Evoke: Wand              |       |       |     6 ||     6
  Use: Potion            |     1 |     3 |     2 ||     6
Armor: Scale mail        |     8 |     2 |       ||    10
       Plate armour      |       |     6 |    10 ||    16
Dodge: Dodged            |     4 |     7 |     2 ||    13
Block: Buckler           |     5 |     3 |     6 ||    14

Table legend: (Time is in decaauts)
 A = Elapsed time spent in this place.
 B = Non-inter-level travel time spent in this place.
 C = Inter-level travel time spent in this place.
 D = Time resting spent in this place.
 E = Time spent auto-exploring this place.
 F = Levels seen in this place.
 G = Mean time per level.
                   A        B        C        D        E       F      G
               +--------+--------+--------+--------+--------+-----+--------+
         Total |    447 |    447 |      0 |    201 |     17 |   1 |  447.0 |
       Dungeon |    447 |    447 |      0 |    201 |     17 |   1 |  447.0 |
               +--------+--------+--------+--------+--------+-----+--------+

Top non-repeatable levels by time:
       D: 447 daAuts
